 Dungeon Crawl Stone Soup version 0.31-a0-925-g0a390f2509 (webtiles) character file.

Game seed: 14500521608221689437

73 omnomnOMINOUS the Ducker (level 4, -2/64 HPs)
             Began as an Octopode Wanderer on Oct 17, 2023.
             Slain by a water moccasin (4 damage)
             ... on level 3 of the Dungeon on Oct 18, 2023.
             The game lasted 00:02:54 (1825 turns).

omnomnOMINOUS the Ducker (Octopode Wanderer)        Turns: 1825, Time: 00:02:55

Health: -2/64      AC: 22    Str:  7    XL:     4   Next: 27%
Magic:  16/16      EV:  2    Int: 17    God:
Gold:   71         SH:  0    Dex: 14    Spells: 6/7 levels left

rFire   + . .        a - +0 trident
rCold   + . .        (no shield)
rNeg    . . .        e - melded +0 hat
rPois   +            q - amulet of the acrobat
rElec   +            k - ring of magical power
rCorr   +            (no ring)
SInv    .            (no ring)
Will    .....        (no ring) Stlth
                     (no ring)
HPRegen 0.30/turn    (no ring)
MPRegen 0.15/turn    (no ring)
                     (no ring)

%: acrobat
@: berserking, lethally poisoned (-2 -> -6), tree-form, resistant, attractive,
very quick
A: stationary, stasis, torment immunity, boosted hp, almost no armour,
(amphibious), 8 rings, (camouflage 1), (gelatinous body 1), (nimble swimmer 1),
(tentacles)
a: no special abilities


You were on level 3 of the Dungeon.
You were a tree.
You visited 1 branch of the dungeon, and saw 3 of its levels.

You collected 71 gold pieces.

Inventory:

Hand Weapons
 a - a +0 trident (weapon)
 b - a +0 dagger
Missiles
 o - 2 throwing nets (quivered)
Armour
 e - a +0 hat (melded)
Jewellery
 k - a ring of magical power (left branch)
 q - an amulet of the acrobat (around neck)
 t - an amulet of reflection
Scrolls
 d - a scroll of blinking
 f - 5 scrolls of teleportation {unknown}
 g - a scroll of fear {unknown}
 j - a scroll of enchant weapon {unknown}
 l - a scroll of vulnerability {unknown}
 m - a scroll of amnesia {unknown}
 n - 2 scrolls of fog {unknown}
 p - a scroll of poison {unknown}
Potions
 s - a potion of attraction


   Skills:
 + Level 2.0 Fighting
 + Level 5.5 Dodging
 - Level 2.0 Spellcasting
 + Level 1.9 Conjurations
 - Level 2.0 Fire Magic
 - Level 1.0 Invocations


You had 6 spell levels left.
You knew the following spells:

 Your Spells              Type           Power      Damage    Failure   Level
a - Foxfire               Conj/Fire      32%        2x1d5     9%          1

Your spell library contained the following spells:

 Spells                   Type           Power      Damage    Failure   Level
 Volatile Blastmotes      Fire/Tloc      10%        2d10      36%         3
 Ozocubu's Armour         Ice            1%         N/A       50%         3
 Ozocubu's Refrigeration  Ice            0%         4d7       100%        7


Dungeon Overview and Level Annotations

Branches:
Dungeon (3/15)

Altars:
Cheibriados
Nemelex Xobeh


Innate Abilities, Weirdness & Mutations

You are a tree.
Your roots penetrate the ground, keeping you stationary.
You cannot be teleported.
You are immune to unholy pain and torment.
Your maximum health is greatly increased.
You cannot wear most types of armour.
((You are amphibious.))
You can wear up to eight rings at the same time.
((Your skin changes colour to match your surroundings (Stealth+).))
((Your rubbery body absorbs attacks. (AC +1, EV +1)))
((You are camouflaged when in or above water. (Stealth+)))
((You have tentacles for arms and can constrict up to eight enemies at once.))


Message History

The water moccasin is lightly wounded.
The water moccasin bites you.
* * * LOW HITPOINT WARNING * * *
You closely miss the water moccasin.
The water moccasin is lightly wounded.
The water moccasin bites you but does no damage. x2
It was a potion of resistance.
You feel protected.
The water moccasin bites you but does no damage. x2
You hit the water moccasin.
The water moccasin is moderately wounded.
The water moccasin bites you.
* * * LOW HITPOINT WARNING * * *
You are lethally poisoned!
The water moccasin poisons you!
It was a potion of berserk rage.
A red film seems to cover your vision as you go berserk!
You feel yourself moving faster!
You feel mighty!
* * * LOW HITPOINT WARNING * * *
You feel very sick.
The water moccasin bites you but does no damage. x2
You miss the water moccasin.
The water moccasin is moderately wounded.
* * * LOW HITPOINT WARNING * * *
You feel very sick.
The water moccasin bites you but does no damage.
You closely miss the water moccasin.
The water moccasin is moderately wounded.
* * * LOW HITPOINT WARNING * * *
You feel sick. The water moccasin barely misses you.
You miss the water moccasin.
The water moccasin is moderately wounded.
* * * LOW HITPOINT WARNING * * *
You feel sick.
The water moccasin bites you but does no damage. x2
You impale the water moccasin!!
The water moccasin is almost dead.
* * * LOW HITPOINT WARNING * * *
You feel sick. The water moccasin bites you.
You die...

#.....###........
#...##.#.#######.
######..## #..#
#..# #..# #..#
#.)# #.♣# #.S#
#... ##... ###..
... .... ....


You could see a water moccasin.

Vanquished Creatures
  3 adders (D:2)
  A white imp (D:3)
  A worm (D:2)
  A dart slug (D:2)
  2 ball pythons (D:2)
  3 endoplasms
  2 giant cockroaches
  3 goblins
  4 hobgoblins
  9 kobolds
  A quokka (D:2)
  2 bats (D:2)
  A frilled lizard (D:3)
  2 rats
35 creatures vanquished.

Notes
Turn   | Place    | Note
-------+----------+-------------------------------------------
     0 | D:1      | omnomnOMINOUS the Octopode Wanderer began the quest for the
                  | Orb.
     0 | D:1      | omnomnOMINOUS set off with the following items: a +0
                  | dagger, 2 throwing nets, a potion of lignification, a
                  | scroll of blinking, a +0 hat; and the following spell
                  | memorised: Foxfire; and the following spells available to
                  | memorise: Volatile Blastmotes.
     0 | D:1      | Reached XP level 1. HP: 11/11 MP: 3/3
    64 | D:1      | Upgraded the game from 0.31-a0-920-g28cbb04a8c to
                  | 0.31-a0-925-g0a390f2509
   194 | D:1      | Reached XP level 2. HP: 10/18 MP: 5/5
   550 | D:1      | Reached skill level 1 in Fighting
   776 | D:2      | Reached skill level 1 in Conjurations
   797 | D:2      | Reached XP level 3. HP: 13/23 MP: 6/6
  1084 | D:2      | Found a snail-covered altar of Cheibriados.
  1169 | D:2      | Reached XP level 4. HP: 29/29 MP: 7/7
  1742 | D:3      | Found a sparkling altar of Nemelex Xobeh.
  1802 | D:3      | Noticed a water moccasin
  1825 | D:3      | HP: 2/64 [poisoned by a water moccasin]
  1825 | D:3      | Slain by a water moccasin

Illustrated notes

Levels and vault maps discovered:
D:1:      zelgadis_glass_arrival_small, layout_loops_ring, skrybe_limestone_x
D:2:      layout_loops_ring, basic_altar, kennysheep_cluttered_room
D:3:      layout_loops_ring, nemelex_xobeh_ov_fountains_minmay,
          nicolae_nh_oracle_at_delphi

Skill      XL: |  1  2  3  4 |
---------------+-------------+-----
Fighting       | 1 2 |  2.0
Conjurations   | 1 |  1.9
Dodging        | |  5.5
Spellcasting   | |  2.0
Fire Magic     | |  2.0
Invocations    | |  1.0

Action                     |  1- 3 |  4- 6 || total
---------------------------+-------+-------++-------
  Melee: Dagger            |    30 |       ||    30
         Tentacles         |    13 |     3 ||    16
         Constrict         |    17 |     5 ||    22
         Trident           |    27 |    34 ||    61
    Use: Potion            |       |     5 ||     5
   Stab: Sleeping          |     5 |     3 ||     8
 Armour: Skin              |    18 |    33 ||    51
  Dodge: Dodged            |    32 |     9 ||    41

Table legend: (Time is in decaauts)
 A = Elapsed time spent in this place.
 B = Non-inter-level travel time spent in this place.
 C = Inter-level travel time spent in this place.
 D = Time resting spent in this place.
 E = Time spent auto-exploring this place.
 F = Levels seen in this place.
 G = Mean time per level.
                   A        B        C        D        E       F      G
               +--------+--------+--------+--------+--------+-----+--------+
         Total |   1840 |   1793 |     47 |     50 |   1452 |   3 |  613.3 |
       Dungeon |   1840 |   1793 |     47 |     50 |   1452 |   3 |  613.3 |
               +--------+--------+--------+--------+--------+-----+--------+

Top non-repeatable levels by time:
     D:2: 966 daAuts
     D:1: 758 daAuts
     D:3: 115 daAuts
